 Dungeon Crawl Stone Soup version bcrawl-1.36.3 (webtiles) character file.

Game seed: 10467309138482430575

315416 iceDog the Magician (level 10, -1/79 HPs)
             Began as a Gnoll Skald on June 16, 2022.
             Was a Believer of Qazlal.
             Slain by a ten-headed hydra (6 damage)
             ... on level 9 of the Dungeon.
             The game lasted 00:40:22 (9032 turns).

iceDog the Magician (Gnoll Skald)                   Turns: 9032, Time: 00:40:23

Health: -1/79      AC: 20    Str: 17 (19) XL:     10   Next: 92%
Magic:  15/21      EV: 10    Int: 22 (24) God:    Qazlal [**....]
Gold:   591        SH:  5    Dex: 14      Spells: 16/24 levels left

rFire    . . .     SeeInvis .   w - +9 falchion of Agualotym {slice, MR+ Str+4 Int+2}
rCold    . . .     Gourm    .   (no shield)
rNeg     + . .     Faith    .   G - +1 chain mail {rC+}
rPois    .         Spirit   .   J - +0 helmet
rElec    .         Reflect  .   u - +2 cloak
rCorr    .                      A - +0 pair of gloves
MR       +....                  z - +2 pair of boots
Stlth    ..........             t - amulet of magic regeneration
HPRegen  1.23/turn              c - ring "Roeps" {+Fly rC- Int+4 Slay+2}
MPRegen  0.42/turn              g - ring of positive energy

@: infused, regenerating
A: distributed training, fangs 1, strong nose
a: Upheaval, Renounce Religion, Evoke Flight


You were on level 9 of the Dungeon.
You worshipped Qazlal.
Qazlal was pleased with you.
You were not hungry.

You visited 2 branches of the dungeon, and saw 11 of its levels.

You collected 656 gold pieces.
You spent 65 gold pieces at shops.

Inventory:

Hand Weapons
 f - a +2 trident of freezing
 h - the +10 rapier of Nuenn {venom, *Slow Int+6}
   (You found it on level 8 of the Dungeon)

   It poisons the flesh of those it strikes.
   It affects your intelligence (+6).
   It may slow you when you take damage.
 w - the +9 falchion of Agualotym (weapon) {slice, MR+ Str+4 Int+2}
   (You found it on level 5 of the Dungeon)

   It will always inflict at least some extra damage.
   This minimum extra damage increases with your current reserve of magical
   power.
   It affects your strength (+4).
   It affects your intelligence (+2).
   It affects your resistance to hostile enchantments.
Missiles
 v - 47 poisoned tomahawks
 y - 107 javelins (quivered)
 I - a throwing net {=f}
Armour
 u - a +2 cloak (worn)
 z - a +2 pair of boots (worn)
 A - a +0 pair of gloves (worn)
 G - a +1 chain mail of cold resistance (worn)
 J - a +0 helmet (worn)
Magical Staves
 M - an uncursed staff of wizardry {unknown}
Jewellery
 c - the ring "Roeps" (left hand) {+Fly rC- Int+4 Slay+2}
   (You found it on level 1 of the Dungeon)

   [ring of flight]

   It affects your intelligence (+4).
   It affects your accuracy and damage with ranged weapons and melee attacks
   (+2).
   It makes you vulnerable to cold.
   It lets you fly.
 g - a ring of positive energy (right hand)
 t - an amulet of magic regeneration (around neck)
 E - an uncursed ring of magical power
Wands
 C - a wand of flame (38)
 H - a wand of digging (3)
Scrolls
 a - a scroll of vulnerability {unknown}
 d - a scroll of fear
 i - 6 scrolls of identify
 k - a scroll of remove curse
 l - a scroll of fog
 m - 5 scrolls of enchant weapon
 n - a scroll of enchant armour
 s - 3 scrolls of teleportation
 x - 2 scrolls of noise
 D - 3 scrolls of blinking
 K - a scroll of immolation {unknown}
 L - a scroll of amnesia
 N - a scroll of silence {unknown}
Potions
 b - 2 potions of brilliance {unknown}
 j - 6 potions of flight
 o - a potion of berserk rage {unknown}
 p - 4 potions of haste {unknown}
 q - a potion of mutation {unknown}
 r - 2 potions of curing
 F - 4 potions of agility {unknown}
Comestibles
 e - 18 rations {!d}
 B - 3 chunks of flesh


   Skills:
 + Level 7.3 Fighting
 + Level 5.6 Short Blades
 + Level 7.3 Long Blades
 + Level 5.6 Axes
 + Level 5.6 Maces & Flails
 + Level 5.6 Polearms
 + Level 5.6 Staves
 + Level 5.6 Slings
 + Level 5.6 Bows
 + Level 5.6 Crossbows
 + Level 5.6 Throwing
 + Level 6.2 Armour
 + Level 7.3 Dodging
 + Level 5.6 Stealth
 + Level 5.6 Shields
 + Level 5.6 Unarmed Combat
 + Level 7.6 Spellcasting
 + Level 4.6 Conjurations
 + Level 4.6 Hexes
 + Level 7.2 Charms
 + Level 4.6 Summonings
 + Level 4.6 Necromancy
 + Level 4.6 Translocations
 + Level 4.6 Transmutations
 + Level 4.6 Fire Magic
 + Level 4.6 Ice Magic
 + Level 4.6 Air Magic
 + Level 4.6 Earth Magic
 + Level 4.6 Poison Magic
 + Level 6.2 Invocations
 + Level 5.6 Evocations


You had 16 spell levels left.
You knew the following spells:

 Your Spells              Type           Power        Failure   Level  Hunger
a - Infusion              Chrm           #####...     4%          1    None
b - Song of Slaying       Chrm           #####...     7%          2    None
c - Swiftness             Chrm/Air       ####....     12%         2    None
d - Regeneration          Chrm/Necr      ####......   24%         3    None

Your spell library contained the following spells:

 Spells                   Type           Power        Failure   Level  Hunger
 Throw Frost              Conj/Ice       ####..       9%          2    None
 Corona                   Hex            ####...      14%         1    None
 Freeze                   Ice            ####..       14%         1    None
 Magic Dart               Conj           ####         14%         1    None
 Sandblast                Erth           ####..       14%         1    None
 Slow                     Hex            ####....     14%         1    None
 Blink                    Tloc           N/A          22%         2    None
 Call Imp                 Summ           ####..       22%         2    None
 Ensorcelled Hibernation  Hex/Ice        ####..       22%         2    None
 Passwall                 Tmut/Erth      ####....     22%         2    None
 Shackle                  Hex            ####....     22%         2    None
 Ozocubu's Armour         Chrm/Ice       ####....     24%         3    None
 Spectral Weapon          Hex/Chrm       ####....     24%         3    None
 Confuse                  Hex            ####....     38%         3    None
 Conjure Flame            Conj/Fire      ####....     38%         3    None
 Dazzling Orbs            Conj/Hex       ####...      38%         3    None
 False Image              Hex/Summ       ####....     38%         3    None
 Inner Flame              Hex/Fire       N/A          38%         3    None
 Mephitic Cloud           Conj/Pois/Air  ####....     38%         3    None
 Spider Form              Tmut/Pois      ###          38%         3    None
 Stone Arrow              Conj/Erth      ####..       38%         3    None
 Tukima's Dance           Hex            ####....     38%         3    None
 Cause Fear               Hex            ####......   80%         4    ###....
 Ice Form                 Ice/Tmut       ####....     80%         4    ###....
 Petrify                  Tmut/Erth      ####......   80%         4    ###....
 Summon Ice Beast         Ice/Summ       ####....     80%         4    ###....
 Throw Icicle             Conj/Ice       ####....     80%         4    ###....
 Yara's Violent Unravell  Hex/Tmut       ####......   80%         4    ###....
 Lee's Rapid Deconstruct  Erth           ####......   98%         5    #####..


Dungeon Overview and Level Annotations

Branches:
Dungeon (10/12)            Temple (1/1) D:5            Lair (0/6) D:7
    Orc: D:8-11

Altars:
Ashenzari
Cheibriados
Dithmenos
Elyvilon
Fedhas
Gozag
Hepliaklqana
Kikubaaqudgha
Lugonu
Makhleb
Nemelex Xobeh
Okawaru
Qazlal
Ru
Sif Muna
Trog
Uskayaw
Vehumet
Wu Jian
Xom
Yredelemnul
Zin
The Shining One

Shops:
D:4 %   D:6 ?

Annotations:
D:4 2 runed translucent doors, Wired's ghost, novice OgBe


Innate Abilities, Weirdness & Mutations

Your experience applies equally to all skills.
You have very sharp teeth.
Your uncanny sense of smell can sniff out nearby items.


Message History

The ten-headed hydra bites you but does no damage.
You block the ten-headed hydra's attack.
The ten-headed hydra closely misses you.
You block the ten-headed hydra's attack.
The ten-headed hydra bites you but does no damage.
The ten-headed hydra bites you.
The ten-headed hydra bites you but does no damage.
The ten-headed hydra bites you!
* * * LOW HITPOINT WARNING * * *
The ten-headed hydra bites you but does no damage.
The ten-headed hydra bites you.
* * * LOW HITPOINT WARNING * * *
You barely miss the ten-headed hydra. You bite the ten-headed hydra.
The ten-headed hydra is severely wounded.
The ten-headed hydra barely misses you. The ten-headed hydra bites you.
* * * LOW HITPOINT WARNING * * *
The ten-headed hydra bites you!
* * * LOW HITPOINT WARNING * * *
The ten-headed hydra bites you.
You die...

.....>........#.......#.#....#.#.
..............#.......#.#....#.#.
.<............##......'.#....#.#.
...............#......#.#'####.#.
...............#......#........+.
...............#......#........#.
#########......####...#........#.
# #......D§.#...#........## #
#.......@.#####.......... #
#.......○○............... #
#........................ #
#........................
#########........................
....................###########..
....................# #..
....................# #..
....................# #..


You could see a ten-headed hydra.

Vanquished Creatures
  Harold (D:8)
  A catoblepas (D:9)
  A kobold demonologist (D:8)
  2 trolls
  A spriggan (D:7)
  A hungry ghost (D:7)
  A wyvern (D:6)
  A vampire mosquito (D:7)
  A water moccasin (D:6)
  4 ice beasts
  A soldier ant (D:7)
  3 orc warriors
  An ogre (D:8)
  A sky beast (D:7)
  A necrophage (D:5)
  2 wolves (D:7)
  4 bullfrogs
  3 centaurs
  2 scorpions (D:5)
  4 killer bees (D:7)
  3 howler monkeys (D:7)
  3 electric eels (D:7)
  3 orc priests
  4 crimson imps
  A wolf skeleton (D:9)
  A quasit (D:7)
  A bullfrog skeleton (D:7)
  9 hounds
  4 jellies
  9 orc wizards
  5 worker ants
  2 hound skeletons
  A howler monkey zombie (D:8)
  3 gnolls (D:7)
  A howler monkey skeleton (D:8)
  5 adders
  3 shadow imps
  An ooze (D:1)
  An adder skeleton (D:6)
  A worm (D:2)
  A dart slug (D:2)
  5 leopard geckos
  32 orcs
  6 bats
  5 giant cockroaches
  10 goblins
  12 hobgoblins
  9 jackals
  2 quokkas (D:2)
  A ball python (D:7)
  2 frilled lizards
  9 kobolds
  A quokka skeleton (D:6)
  5 rats
197 creatures vanquished.

Vanquished Creatures (others)
  An orc wizard (D:6)
1 creature vanquished.

Grand Total: 198 creatures vanquished

Notes
Turn   | Place    | Note
-------+----------+-------------------------------------------
     0 | D:1      | iceDog the Gnoll Skald began the quest for the Orb.
     0 | D:1      | Reached XP level 1. HP: 20/20 MP: 6/6
    93 | D:1      | Found a glowing golden altar of the Shining One.
   287 | D:1      | Reached XP level 2. HP: 24/26 MP: 7/7
   314 | D:1      | Got a steaming copper ring
   348 | D:1      | Identified the ring "Roeps" {+Fly rC- Int+4 Slay+2} (You
                  | found it on level 1 of the Dungeon)
   559 | D:1      | Reached XP level 3. HP: 31/31 MP: 9/9
   858 | D:2      | Reached skill level 5 in Spellcasting
   901 | D:2      | Learned a level 2 spell: Song of Slaying
   904 | D:2      | Learned a level 2 spell: Swiftness
   908 | D:2      | Learned a level 3 spell: Regeneration
   997 | D:2      | Reached skill level 1 in Invocations
  1121 | D:2      | Reached skill level 1 in Short Blades
  1121 | D:2      | Reached skill level 1 in Axes
  1121 | D:2      | Reached skill level 1 in Maces & Flails
  1121 | D:2      | Reached skill level 1 in Polearms
  1121 | D:2      | Reached skill level 1 in Staves
  1121 | D:2      | Reached skill level 1 in Slings
  1121 | D:2      | Reached skill level 1 in Bows
  1121 | D:2      | Reached skill level 1 in Crossbows
  1121 | D:2      | Reached skill level 1 in Throwing
  1121 | D:2      | Reached skill level 1 in Stealth
  1121 | D:2      | Reached skill level 1 in Shields
  1121 | D:2      | Reached skill level 1 in Unarmed Combat
  1121 | D:2      | Reached skill level 1 in Evocations
  1227 | D:2      | Reached XP level 4. HP: 37/38 MP: 11/11
  1705 | D:3      | Reached skill level 1 in Conjurations
  1705 | D:3      | Reached skill level 1 in Hexes
  1705 | D:3      | Reached skill level 1 in Summonings
  1705 | D:3      | Reached skill level 1 in Necromancy
  1705 | D:3      | Reached skill level 1 in Translocations
  1705 | D:3      | Reached skill level 1 in Transmutations
  1705 | D:3      | Reached skill level 1 in Fire Magic
  1705 | D:3      | Reached skill level 1 in Ice Magic
  1705 | D:3      | Reached skill level 1 in Air Magic
  1705 | D:3      | Reached skill level 1 in Earth Magic
  1705 | D:3      | Reached skill level 1 in Poison Magic
  1738 | D:3      | Reached XP level 5. HP: 35/43 MP: 12/12
  1933 | D:3      | Found a bloodstained altar of Trog.
  2352 | D:4      | Found Aqypnont's Food Shoppe.
  2447 | D:4      | Noticed a bullfrog
  2456 | D:4      | Killed a bullfrog
  2457 | D:4      | Reached XP level 6. HP: 50/50 MP: 9/13
  2596 | D:4      | Reached skill level 5 in Fighting
  2596 | D:4      | Reached skill level 5 in Long Blades
  2596 | D:4      | Reached skill level 5 in Dodging
  2622 | D:4      | Found a large runed translucent door.
  2622 | D:4      | Found a large runed translucent door.
  2624 | D:4      | Noticed Wired's ghost (novice OgBe)
  2978 | D:4      | Found a shimmering blue altar of Sif Muna.
  3026 | D:5      | Entered Level 5 of the Dungeon
  3082 | D:5      | Reached XP level 7. HP: 41/56 MP: 15/15
  3351 | D:5      | Got a glimmering falchion
  3588 | D:5      | Found a bloodstained altar of Trog.
  3982 | D:5      | Reached XP level 8. HP: 32/63 MP: 13/16
  4126 | D:5      | Found a staircase to the Ecumenical Temple.
  4148 | Temple   | Entered the Ecumenical Temple
  4611 | Temple   | Became a worshipper of Qazlal Stormbringer
  5199 | D:6      | HP: 1/64 [something/puff of frost (6)]
  5555 | D:6      | Found Muleeho's Magic Scroll Shoppe.
  5721 | D:6      | Bought a scroll of remove curse for 39 gold pieces
  5721 | D:6      | Bought a scroll of identify for 26 gold pieces
  5721 | D:6      | Identified the +9 falchion of Agualotym {slice, MR+ Str+4
                  | Int+2} (You found it on level 5 of the Dungeon)
  5800 | D:6      | Noticed a wyvern
  5923 | D:6      | Killed a wyvern
  6034 | D:7      | Reached XP level 9. HP: 68/69 MP: 18/18
  6060 | D:7      | Found a shattered altar of Ashenzari.
  6109 | D:7      | Reached * piety under Qazlal
  6150 | D:7      | Reached skill level 5 in Armour
  6473 | D:7      | Noticed a troll
  6489 | D:7      | Killed a troll
  6490 | D:7      | Reached skill level 5 in Invocations
  6780 | D:7      | Reached XP level 10. HP: 77/77 MP: 20/20
  6835 | D:7      | Found a staircase to the Lair.
  7259 | D:8      | Noticed a kobold demonologist
  7283 | D:8      | Killed a kobold demonologist
  7284 | D:8      | Reached skill level 5 in Short Blades
  7284 | D:8      | Reached skill level 5 in Axes
  7284 | D:8      | Reached skill level 5 in Maces & Flails
  7284 | D:8      | Reached skill level 5 in Polearms
  7284 | D:8      | Reached skill level 5 in Staves
  7284 | D:8      | Reached skill level 5 in Slings
  7284 | D:8      | Reached skill level 5 in Bows
  7284 | D:8      | Reached skill level 5 in Crossbows
  7284 | D:8      | Reached skill level 5 in Throwing
  7284 | D:8      | Reached skill level 5 in Stealth
  7284 | D:8      | Reached skill level 5 in Shields
  7284 | D:8      | Reached skill level 5 in Unarmed Combat
  7284 | D:8      | Reached skill level 5 in Evocations
  7290 | D:8      | Noticed Harold
  7466 | D:8      | Reached ** piety under Qazlal
  7692 | D:8      | Killed Harold
  7866 | D:8      | Got a steaming rapier
  7903 | D:8      | Identified the +10 rapier of Nuenn {venom, *Slow Int+6}
                  | (You found it on level 8 of the Dungeon)
  8753 | D:9      | Noticed a catoblepas
  8764 | D:9      | Killed a catoblepas
  8914 | D:10     | Entered Level 10 of the Dungeon
  8914 | D:10     | Noticed a five-headed hydra
  9032 | D:9      | Slain by a ten-headed hydra

Skill      XL: |  1  2  3  4  5  6  7  8  9 10 |
---------------+-------------------------------+-----
Spellcasting   | 5 6 7 |  7.6
Invocations    | 1 2 3 4 5 6 |  6.2
Short Blades   | 1 2 3 4 5 |  5.6
Axes           | 1 2 3 4 5 |  5.6
Maces & Flails | 1 2 3 4 5 |  5.6
Polearms       | 1 2 3 4 5 |  5.6
Staves         | 1 2 3 4 5 |  5.6
Slings         | 1 2 3 4 5 |  5.6
Bows           | 1 2 3 4 5 |  5.6
Crossbows      | 1 2 3 4 5 |  5.6
Throwing       | 1 2 3 4 5 |  5.6
Stealth        | 1 2 3 4 5 |  5.6
Shields        | 1 2 3 4 5 |  5.6
Unarmed Combat | 1 2 3 4 5 |  5.6
Evocations     | 1 2 3 4 5 |  5.6
Conjurations   | 1 2 3 4 |  4.6
Hexes          | 1 2 3 4 |  4.6
Summonings     | 1 2 3 4 |  4.6
Necromancy     | 1 2 3 4 |  4.6
Translocations | 1 2 3 4 |  4.6
Transmutations | 1 2 3 4 |  4.6
Fire Magic     | 1 2 3 4 |  4.6
Ice Magic      | 1 2 3 4 |  4.6
Air Magic      | 1 2 3 4 |  4.6
Earth Magic    | 1 2 3 4 |  4.6
Poison Magic   | 1 2 3 4 |  4.6
Armour         | 3 4 5 6 |  6.2
Fighting       | 5 6 7 |  7.3
Long Blades    | 5 6 7 |  7.3
Dodging        | 5 6 7 |  7.3
Charms         | 6 7 |  7.2

Action                   |  1- 3 |  4- 6 |  7- 9 | 10-12 || total
-------------------------+-------+-------+-------+-------++-------
Melee: Long sword        |   108 |   157 |   177 |       ||   442
       Bite              |     9 |    14 |    31 |    16 ||    70
       Falchion          |       |       |   107 |   109 ||   216
       Punch             |       |       |     3 |     2 ||     5
Throw: Javelin           |       |       |     8 |    27 ||    35
 Cast: Infusion          |       |     1 |     9 |     5 ||    15
       Regeneration      |       |       |     7 |     5 ||    12
       Swiftness         |       |       |     1 |       ||     1
       Song of Slaying   |       |       |     3 |     2 ||     5
  Use: Scroll            |       |     5 |    10 |     2 ||    17
       Potion            |       |       |     7 |     4 ||    11
 Stab: Distracted        |     1 |       |       |       ||     1
       Sleeping          |       |     1 |       |       ||     1
  Eat: Chunk             |     4 |     9 |    18 |    11 ||    42
       Ration            |       |       |     1 |       ||     1
Armor: Leather armour    |    18 |    16 |       |       ||    34
       Ring mail         |       |    28 |       |       ||    28
       Scale mail        |       |       |   122 |       ||   122
       Chain mail        |       |       |    38 |    74 ||   112
Dodge: Dodged            |    88 |   108 |   161 |    61 ||   418
Block: Other             |     2 |     6 |    29 |    26 ||    63
